 Dungeon Crawl Stone Soup version 0.18-a0-796-g4b90cf5 (webtiles) character file.

162 Proton the Cudgeler (level 5, -3/57 HPs)
             Began as an Ogre Fighter on Dec 14, 2015.
             Killed from afar by an orc wizard (9 damage)
             ... with a puff of flame
             ... on level 3 of the Dungeon.
             The game lasted 00:04:25 (2221 turns).

Proton the Cudgeler (Ogre Fighter)                  Turns: 2221, Time: 00:04:25

Health: -3/57      AC:  4    Str: 22    XL:     5   Next: 43%
Magic:  5/5        EV: 10    Int:  7    God:
Gold:   84         SH:  0    Dex:  9    Spells: 0 memorised, 4 levels left

rFire  . . .     SeeInvis .     a - +0 flail
rCold  + . .     Clarity  .     l - +1 robe {rC+}
rNeg   . . .     SustAt   .     (no shield)
rPois  .         Gourm    .     (helmet restricted)
rElec  .         Spirit   .     (no cloak)
rCorr  .         Dismiss  .     (gloves unavailable)
rMut   .         Stasis   .     (boots unavailable)
MR     .....                    (no amulet)
Stlth  +.........               (no ring)
                                (no ring)

@: not resistant to hostile enchantments, very unstealthy
A: unfitting armour, tough skin 1
a: no special abilities


You were on level 3 of the Dungeon.
You were not hungry.

You visited 1 branch of the dungeon, and saw 3 of its levels.

You collected 84 gold pieces.

Inventory:

Hand Weapons
 a - a +0 flail (weapon)
Armour
 l - a +1 robe of cold resistance (worn)
Wands
 k - a wand of frost (26)
Scrolls
 b - 2 scrolls of enchant armour {unknown}
 c - a scroll of amnesia {unknown}
 e - 3 scrolls of fog {unknown}
 h - 2 scrolls of fear {unknown}
 j - a scroll of enchant weapon {unknown}
 o - a scroll of teleportation {unknown}
 p - a scroll of noise {unknown}
 q - a scroll of remove curse {unknown}
Potions
 d - 2 potions of might
 g - 3 potions of curing {unknown}
 i - a potion of resistance {unknown}
 m - 2 potions of agility {unknown}
 n - 2 potions of haste
Comestibles
 f - 3 bread rations


   Skills:
 + Level 5.0 Fighting
 * Level 5.4 Maces & Flails
 + Level 3.6 Dodging
   Level 2.6 Shields


You had 4 spell levels left.
You didn't know any spells.

Dungeon Overview and Level Annotations

Branches:
Dungeon (3/15)

Altars:
Trog
Zin


Innate Abilities, Weirdness & Mutations

You are too large for most types of armour.
You have tough skin (AC +1).


Message History

You hear some strange, mumbled words.
A puff of flame appears from out of thin air!
The puff of flame misses you.
The puff of flame hits the goblin.
The goblin dies!
You barely miss the orc. You hit something but do no damage.
The orc hits you from afar with a trident!
You closely miss something. Something hits you but does no damage.
The orc hits you from afar with a trident!
* * * LOW HITPOINT WARNING * * *
You closely miss something.
You hear some strange, mumbled words.
A magic dart appears from out of thin air!
The magic dart hits you!
* * * LOW HITPOINT WARNING * * *
The orc misses you.
You hear some strange, mumbled words.
A puff of flame appears from out of thin air!
The puff of flame hits you!
You die... ##### .... oo#

#)# #?# # #@# ###_..'.#
###)###.################
#. #.................
#.###'###.####.###########
............#.#
..#...?###.#.# #...#..#
#.# #...#<...#.#


You could see 2 orcs.

Vanquished Creatures
  Jessica (D:2)
  Natasha (thrice) (D:2)
  4 adders
  4 worms (D:2)
  2 giant geckos
  3 orcs (D:3)
  2 ball pythons
  8 bats
  5 hobgoblins
  6 jackals (D:2)
  6 kobolds
  3 giant cockroaches
  4 giant newts
  3 goblins
  2 quokkas
  8 rats
64 creatures vanquished.

Vanquished Creatures (others)
  A goblin (D:3)
1 creature vanquished.

Grand Total: 65 creatures vanquished

Notes
Turn   | Place    | Note
--------------------------------------------------------------
     0 | D:1      | Proton the Ogre Fighter began the quest for the Orb.
     0 | D:1      | Reached XP level 1. HP: 24/24 MP: 1/1
   155 | D:1      | Reached XP level 2. HP: 24/32 MP: 2/2
   467 | D:2      | Reached XP level 3. HP: 16/40 MP: 3/3
   650 | D:2      | Noticed Natasha
   657 | D:2      | Killed Natasha
   724 | D:2      | Noticed Natasha
   743 | D:2      | Killed Natasha
   743 | D:2      | Reached XP level 4. HP: 7/49 MP: 4/4
  1254 | D:2      | Noticed Jessica
  1571 | D:2      | Noticed Natasha
  1579 | D:2      | Killed Natasha
  1586 | D:2      | Killed Jessica
  1586 | D:2      | Reached skill level 5 in Maces & Flails
  1586 | D:2      | Reached XP level 5. HP: 25/55 MP: 5/5
  1675 | D:2      | Reached skill level 5 in Fighting
  1802 | D:2      | Found a bloodstained altar of Trog.
  2180 | D:3      | Found a glowing silver altar of Zin.
  2221 | D:3      | Killed from afar by an orc wizard

Vault maps used:
D:1:      lightli_arrival_boilingwater
D:2:      old_standard_altar, first_bread, uniq_jessica, uniq_natasha
D:3:      lemuel_doored_altar

Action                   |  1- 3 |  4- 6 || total
-------------------------+-------+-------++-------
Melee: Flail             |    83 |   137 ||   220
  Eat: Pizza             |       |     2 ||     2
       Bread ration      |       |     1 ||     1
